 Dungeon Crawl Stone Soup version 0.19.4-8-ga85b6b9 (webtiles) character file.

17770 Jynx the Bludgeoner (level 12, -1/116 HPs)
             Began as a Minotaur Fighter on Feb 11, 2017.
             Was a High Priest of Okawaru.
             Slain by luab's ghost (5 damage)
             ... in a bailey.
             The game lasted 00:23:23 (11466 turns).

Jynx the Bludgeoner (Minotaur Fighter)             Turns: 11466, Time: 00:23:23

Health: -1/116     AC: 13    Str: 26    XL:     12   Next: 21%
Magic:  11/11      EV: 10    Int:  5    God:    Okawaru [*****.]
Gold:   715        SH: 16    Dex: 14    Spells: 0 memorised, 11 levels left

rFire  + + +     SeeInvis +     a - +1 flail
rCold  + . .     Gourm    .     E - +2 ring mail {MR+}
rNeg   . . .     Faith    .     R - +0 large shield
rPois  .         Spirit   .     (helmet restricted)
rElec  .         Reflect  .     I - +2 cloak {MR+}
rCorr  .         Harm     .     D - +0 pair of gloves
MR     +....                    (no boots)
Stlth  +.........               V - amulet of Daisies {RegenMP rF+++ MR- Str+4}
                                u - ring of protection from cold
                                S - ring of see invisible

@: no status effects
A: retaliatory headbutt, horns 2
a: Heroism, Finesse, Renounce Religion


You were in a bailey.
You worshipped Okawaru.
Okawaru was extremely pleased with you.
You were full.

You visited 1 branch of the dungeon, and saw 12 of its levels.
You also visited: Bailey.

You collected 715 gold pieces.

Inventory:

Hand Weapons
 a - a +1 flail (weapon)
 J - a +2 dire flail
Armour
 c - a +0 shield
 D - a +0 pair of gloves (worn)
 E - a +2 ring mail of magic resistance (worn)
 I - a +2 cloak of magic resistance (worn)
 R - a +0 large shield (worn)
 Y - a +1 shield of positive energy
Jewellery
 i - an uncursed amulet of faith
 m - an uncursed amulet of magic regeneration
 n - an uncursed ring of wizardry
 s - an uncursed amulet of the gourmand
 t - a +2 ring of evasion
 u - a ring of protection from cold (right hand)
 v - an uncursed ring of protection from fire
 w - an uncursed amulet of rage
 G - an uncursed ring of magical power
 M - an uncursed ring of positive energy
 N - an uncursed ring of resist corrosion
 O - an uncursed ring of wizardry
 S - a ring of see invisible (left hand)
 V - the amulet of Daisies (around neck) {RegenMP rF+++ MR- Str+4}
   (You found it on level 11 of the Dungeon)

   [amulet of magic regeneration]

   It increases your magic regeneration.
   It affects your strength (+4).
   It renders you almost immune to fire.
   It affects your resistance to hostile enchantments.
Wands
 d - a wand of random effects (31/48)
 B - a wand of lightning (6/15)
 K - a wand of lightning (10/15)
 L - a wand of teleportation (4/9)
 P - a wand of flame (13/48)
 Q - a wand of polymorph (11/24)
Scrolls
 b - 3 scrolls of recharging
 l - 4 scrolls of remove curse
 x - a scroll of amnesia
 y - 2 scrolls of magic mapping
 z - 3 scrolls of teleportation
 H - 3 scrolls of fear
 T - a scroll of blinking
 W - a scroll of holy word
Potions
 e - 5 potions of curing
 g - a potion of degeneration
 j - a potion of heal wounds
 k - 2 potions of flight
 o - a potion of brilliance
 q - 4 potions of haste
 r - a potion of cancellation
 U - 2 potions of invisibility {unknown}
 X - a potion of agility {unknown}
Comestibles
 f - 7 bread rations
 h - 4 meat rations
 p - a slice of pizza
 A - 27 fruits
 C - a royal jelly
 F - 2 beef jerkies
 Z - 8 chunks of flesh


   Skills:
 + Level 13.9 Fighting
 - Level 15.6 Maces & Flails
 + Level 8.6 Armour
 - Level 5.6 Dodging
 + Level 5.7 Shields


You had 11 spell levels left.
You didn't know any spells.

Dungeon Overview and Level Annotations

Branches:
Dungeon (12/15)            Temple (0/1) D:6            Lair (0/6) D:9
    Orc (0/2) D:11

Altars:
Elyvilon
Nemelex Xobeh
Okawaru
Qazlal
Xom
Yredelemnul
Zin

Shops:
D:4 *   D:9 *

Annotations:
Bailey luab's ghost, novice HOMo


Innate Abilities, Weirdness & Mutations

You reflexively headbutt those who attack you in melee.
You have a pair of horns on your head.


Message History

You block the fire elemental's attack.
You hit the deep elf mage. You headbutt the deep elf mage!
The deep elf mage is heavily wounded.
You block the deep elf mage's attack. The fire elemental hits you.
The fire elemental burns you! You resist. Luab's ghost hits you!
* * * LOW HITPOINT WARNING * * *
Luab's ghost freezes you.
* * * LOW HITPOINT WARNING * * *
The deep elf mage mumbles some strange words.
The earth elemental disappears in a puff of smoke!
The fire elemental hits you. The fire elemental burns you! You resist.
* * * LOW HITPOINT WARNING * * *
The deep elf mage closely misses you.
Luab's ghost hits you but does no damage.
There is a gate leading back out of this place here.
You block the fire elemental's attack. x2
The deep elf mage closely misses you. Luab's ghost hits you!!
* * * LOW HITPOINT WARNING * * *
Luab's ghost freezes you.
You die...

... .§§ e§§
#§. #####E#
##..§§#
#..EW§#
#..@E.#
#...e.#
###...##
#.)##'####
#....##...##
#....#.....#
##..##..∩..#
######...##
#####


You could see 2 deep elf magi, 3 fire elementals and luab's ghost.

Vanquished Creatures
  2 hydras
  The ghost of Naow the Thaumaturge, a novice DEFE of Vehumet (D:9)
  An unseen horror (D:11)
  4 hill giants
  Pikel (D:5)
  A deep elf mage (Bailey)
  An ugly thing (D:11)
  A wolf spider zombie (D:12)
  2 cyclopes (D:11)
  A manticore (D:8)
  The ghost of luab the Thaumaturge, a novice DEWz (D:6)
  Maurice (D:9)
  A gargoyle (D:9)
  A centaur skeleton (D:12)
  2 tengu conjurers (D:11)
  2 trolls
  A two-headed ogre (D:12)
  4 hippogriffs
  2 wraiths
  Sigmund (D:5)
  8 yaks
  A shadow (D:11)
  A steam dragon (D:10)
  3 hungry ghosts
  Grum (D:9)
  Duvessa (D:6)
  An orc warrior (D:7)
  A hornet zombie (D:6)
  A water moccasin (D:6)
  8 ogres
  2 ice beasts
  2 phantoms (D:11)
  7 wolves
  4 centaurs
  A crocodile (D:9)
  2 big kobolds
  A gnoll sergeant (D:6)
  6 bullfrogs
  A wyvern zombie (D:11)
  Dowan (D:6)
  A wyvern skeleton (D:9)
  3 scorpions
  3 troll zombies (D:11)
  3 electric eels (D:9)
  A howler monkey (D:11)
  3 bullfrog zombies
  6 crimson imps
  A lava snake (D:9)
  A quasit (D:11)
  2 jellies
  Crazy Yiuf (D:6)
  9 hounds
  3 orc priests
  3 iguanas
  Natasha (D:4)
  6 orc wizards
  8 worker ants
  3 ogre zombies (D:11)
  A hound zombie (D:8)
  A hound skeleton (D:4)
  A worker ant zombie (D:8)
  6 gnolls
  21 adders
  2 howler monkey skeletons
  4 shadow imps
  3 oozes
  An adder zombie (D:6)
  5 worms
  8 leopard geckos
  35 orcs
  8 bats
  6 giant cockroaches
  12 goblins
  2 hobgoblins
  19 jackals
  A ball python (D:2)
  5 frilled lizards
  A giant cockroach zombie (D:4)
  A goblin skeleton (D:11)
  A goblin zombie (D:11)
  A hobgoblin skeleton (D:11)
  3 hobgoblin zombies (D:11)
  9 kobolds
  4 orc skeletons (D:11)
  9 orc zombies (D:11)
  A quokka zombie (D:5)
  8 rats
321 creatures vanquished.

Vanquished Creatures (others)
  An ogre (D:5)
  An orc (D:6)
  A leopard gecko skeleton (D:8)
  A plant (D:4)
4 creatures vanquished.

Grand Total: 325 creatures vanquished

Notes
Turn   | Place    | Note
-------+----------+-------------------------------------------
     0 | D:1      | Jynx the Minotaur Fighter began the quest for the Orb.
     0 | D:1      | Reached XP level 1. HP: 19/19 MP: 0/0
   139 | D:1      | Reached skill level 3 in Maces & Flails
   172 | D:1      | Reached XP level 2. HP: 22/27 MP: 1/1
   910 | D:2      | Reached XP level 3. HP: 33/33 MP: 2/2
   929 | D:2      | Reached skill level 4 in Maces & Flails
  1068 | D:2      | Reached XP level 4. HP: 14/41 MP: 3/3
  1252 | D:2      | Found a shimmering altar of Xom.
  1716 | D:3      | Reached skill level 5 in Maces & Flails
  1834 | D:3      | Found a faded altar of an unknown god.
  1907 | D:3      | Reached skill level 5 in Fighting
  2108 | D:3      | Reached XP level 5. HP: 45/48 MP: 4/4
  2443 | D:4      | Reached skill level 6 in Maces & Flails
  2450 | D:4      | Reached XP level 6. HP: 53/57 MP: 5/5
  2470 | D:4      | Found Keofaff's Assorted Antiques.
  2995 | D:4      | Reached skill level 7 in Maces & Flails
  3053 | D:4      | Reached XP level 7. HP: 55/64 MP: 6/6
  3133 | D:4      | Noticed Natasha
  3138 | D:4      | Killed Natasha
  3514 | D:5      | Entered Level 5 of the Dungeon
  3602 | D:5      | Reached skill level 8 in Maces & Flails
  3872 | D:5      | Noticed Sigmund
  3896 | D:5      | Killed Sigmund
  3896 | D:5      | Reached skill level 9 in Maces & Flails
  4113 | D:5      | Reached XP level 8. HP: 69/73 MP: 7/7
  4116 | D:5      | Noticed Pikel
  4125 | D:5      | Killed Pikel
  4125 | D:5      | Reached skill level 10 in Maces & Flails
  4603 | D:6      | Reached skill level 11 in Maces & Flails
  4610 | D:6      | Noticed luab's ghost (novice DEWz)
  4615 | D:6      | Killed luab's ghost
  4615 | D:6      | Reached XP level 9. HP: 74/83 MP: 8/8
  4696 | D:6      | Noticed Duvessa
  4697 | D:6      | Noticed Dowan
  4709 | D:6      | Killed Duvessa
  4712 | D:6      | Killed Dowan
  4833 | D:6      | Reached skill level 12 in Maces & Flails
  4909 | D:6      | Found a staircase to the Ecumenical Temple.
  5260 | D:6      | Found a runed door.
  5392 | D:6      | Reached skill level 10 in Fighting
  5654 | D:6      | Noticed Crazy Yiuf
  5662 | D:6      | Killed Crazy Yiuf
  5726 | D:7      | Found an iron altar of Okawaru.
  5732 | D:7      | Became a worshipper of Warmaster Okawaru
  5779 | D:7      | Reached skill level 13 in Maces & Flails
  6477 | D:8      | Noticed a manticore
  6485 | D:8      | Killed a manticore
  6485 | D:8      | Reached * piety under Okawaru
  6485 | D:8      | Reached XP level 10. HP: 84/94 MP: 9/9
  6648 | D:8      | Found a stormy altar of Qazlal.
  6649 | D:8      | Found a sparkling altar of Nemelex Xobeh.
  6706 | D:8      | Found a glowing silver altar of Zin.
  6713 | D:8      | Found a basalt altar of Yredelemnul.
  6856 | D:8      | Found a white marble altar of Elyvilon.
  7047 | D:9      | Noticed Naow's ghost (novice DEFE)
  7070 | D:9      | Killed Naow's ghost
  7070 | D:9      | Reached ** piety under Okawaru
  7070 | D:9      | Reached skill level 14 in Maces & Flails
  7576 | D:9      | Noticed Maurice
  7596 | D:9      | Killed Maurice
  7642 | D:9      | Noticed a gargoyle
  7648 | D:9      | Killed a gargoyle
  7999 | D:9      | Found a staircase to the Lair.
  8031 | D:9      | Noticed Grum
  8043 | D:9      | Reached skill level 15 in Maces & Flails
  8057 | D:9      | Killed Grum
  8104 | D:9      | Reached *** piety under Okawaru
  9011 | D:9      | Found Minnyrorph's General Store.
  9132 | D:10     | Entered Level 10 of the Dungeon
  9146 | D:10     | Reached XP level 11. HP: 104/104 MP: 10/10
  9211 | D:10     | Received a gift from Okawaru
  9435 | D:10     | Reached skill level 1 in Dodging
  9747 | D:11     | Reached **** piety under Okawaru
  9751 | D:11     | Noticed an unseen horror
  9755 | D:11     | Killed an unseen horror
  9755 | D:11     | Reached skill level 5 in Armour
  9870 | D:11     | Noticed a hill giant
  9878 | D:11     | Killed a hill giant
 10001 | D:11     | Found a staircase to the Orcish Mines.
 10413 | D:11     | Noticed a white ugly thing
 10423 | D:11     | Killed a white ugly thing
 10618 | D:11     | Noticed a five-headed hydra
 10632 | D:11     | Killed a five-headed hydra
 10739 | D:11     | Got a sparkling jade amulet
 10741 | D:11     | Identified the amulet of Daisies {RegenMP rF+++ MR- Str+4} (You found it on level 11 of the Dungeon)
 10742 | D:11     | Noticed a hill giant
 10748 | D:11     | Killed a hill giant
 10748 | D:11     | Reached ***** piety under Okawaru
 10748 | D:11     | Reached skill level 5 in Dodging
 10826 | D:11     | Received a gift from Okawaru
 10969 | D:12     | Noticed an eight-headed hydra
 10984 | D:12     | Killed an eight-headed hydra
 11002 | D:12     | Reached XP level 12. HP: 82/115 MP: 11/11
 11146 | D:12     | Reached skill level 5 in Shields
 11378 | D:12     | Found a flagged portal.
 11399 | Bailey   | Entered a bailey
 11446 | Bailey   | Noticed luab's ghost (novice HOMo)
 11466 | Bailey   | HP: 4/116 [luab's ghost (21)]
 11466 | Bailey   | Slain by luab's ghost

Skill      XL: |  1  2  3  4  5  6  7  8  9 10 11 12 |
---------------+-------------------------------------+-----
Maces & Flails | 3 4 5 6 7 9 11 13 15 | 15.6
Fighting       | 4 5 6 7 9 10 12 13 | 13.9
Shields        | 4 5 |  5.7
Armour         | 7 8 |  8.6
Dodging        | 5 |  5.6

Action                   |  1- 3 |  4- 6 |  7- 9 | 10-12 || total
-------------------------+-------+-------+-------+-------++-------
Melee: Flail             |    64 |   164 |   244 |    77 ||   549
       Headbutt          |     9 |    40 |    49 |   125 ||   223
       Dire flail        |       |       |    20 |   401 ||   421
Invok: Heroism           |       |       |       |    12 ||    12
  Use: Scroll            |     4 |     6 |    10 |    10 ||    30
       Potion            |       |     1 |     1 |     1 ||     3
  Eat: Chunk             |       |    17 |    16 |    22 ||    55
Armor: Scale mail        |    38 |    70 |    47 |       ||   155
       Ring mail         |       |       |    38 |   162 ||   200
Dodge: Dodged            |    41 |    81 |   106 |   256 ||   484
Block: Large shield      |       |       |       |    49 ||    49
